IL
FRESNO GRIZZLIES @ SALT LAKE BEES
07/11/2045
 
TOP OF THE 1ST
Fresno Grizzlies batting - Pitching for Salt Lake Bees : LHP Nigel Turner
Pitching: LHP Nigel Turner
Batting: RHB Paul Shell 0-0: Swinging Strike
0-1: Ball
1-1: Foul Ball, location: 2F
1-2: Strikes out swinging
Batting: LHB Chris Cabrera 0-0: Foul Ball, location: 2F
0-1: Ball
1-1: Foul Ball, location: 2F
1-2: Foul Ball, location: 2F
1-2: Ball
2-2: Foul Ball, location: 2F
2-2: Fly out, F7 (Flyball, 7, EV 81.2 MPH)
Batting: SHB Nate Kopchak 0-0: Called Strike
0-1: Ball
1-1: Ball
2-1: Foul Ball, location: 2F
2-2: Foul Ball, location: 2F
2-2: Strikes out looking
Top of the 1st over - 0 runs, 0 hits, 0 errors, 0 left on base; Fresno 0 - Salt Lake 0
BOTTOM OF THE 1ST
Salt Lake Bees batting - Pitching for Fresno Grizzlies : RHP Gerardo Huerta
Pitching: RHP Gerardo Huerta
Batting: LHB Javier Trujillo 0-0: Called Strike
0-1: SINGLE (Line Drive, 34, EV 101.9 MPH)
Batting: RHB Randy Grewe 0-0: Ground out U3 (Groundball, 3S, EV 66.9 MPH)
Javier Trujillo to second
Batting: RHB Bjoern Waltersson 0-0: Called Strike
0-1: SINGLE (Flyball, 9LS, EV 84.4 MPH)
Javier Trujillo to third
Batting: RHB Andres Mendiola 0-0: Ball
1-0: Called Strike
Bjoern Waltersson steals 2nd base
1-1: Ball
2-1: Swinging Strike
2-2: Ball
3-2: Ground out 6-3 (Groundball, 6, EV 81.2 MPH)
Javier Trujillo scores
Bjoern Waltersson to third
Batting: RHB Melvin Gomez 0-0: Swinging Strike
0-1: Ball
1-1: Called Strike
1-2: Ground out U3 (Groundball, 13, EV 91.2 MPH)
Bottom of the 1st over - 1 run, 2 hits, 0 errors, 1 left on base; Fresno 0 - Salt Lake 1
TOP OF THE 2ND
Fresno Grizzlies batting - Pitching for Salt Lake Bees : LHP Nigel Turner
Batting: LHB Mike Davis 0-0: Ball
1-0: Ball
2-0: Foul Ball, location: 2F
2-1: Called Strike
2-2: Strikes out swinging
Batting: SHB Troy Kenyon 0-0: Called Strike
0-1: Ball
1-1: Ball
2-1: Foul Ball, location: 2F
2-2: Strikes out swinging
Batting: LHB Doug Anderson 0-0: Foul Ball, location: 2F
0-1: Ball
1-1: Ball
2-1: Ball
3-1: Swinging Strike
3-2: Foul Ball, location: 2F
3-2: Strikes out looking
Top of the 2nd over - 0 runs, 0 hits, 0 errors, 0 left on base; Fresno 0 - Salt Lake 1
BOTTOM OF THE 2ND
Salt Lake Bees batting - Pitching for Fresno Grizzlies : RHP Gerardo Huerta
Batting: LHB Vinny Carreno 0-0: Swinging Strike
0-1: Foul Ball, location: 2F
0-2: Strikes out swinging
Batting: RHB Guillermo Mojica 0-0: Ground out 4-3 (Groundball, 4M, EV 79.4 MPH)
Batting: LHB Barrfhionn O'Toole 0-0: Ball
1-0: SINGLE (Groundball, 13S, EV 69.4 MPH) (infield hit)
Batting: RHB Juan Rosa 0-0: Ball
1-0: Called Strike
1-1: SINGLE (Groundball, 5D, EV 99.4 MPH)
Barrfhionn O'Toole to second
Batting: LHB Javier Trujillo 0-0: Ball
1-0: Foul Ball, location: 2F
1-1: Foul Ball, location: 2F
1-2: Ball
2-2: SINGLE (Flyball, 56D, EV 95.6 MPH)
Barrfhionn O'Toole to third
Juan Rosa to second
Batting: RHB Randy Grewe 0-0: Ball
1-0: Ball
2-0: Ball
3-0: Base on Balls
Barrfhionn O'Toole scores
Juan Rosa to third
Javier Trujillo to second
Batting: RHB Bjoern Waltersson 0-0: Ball
1-0: Ball
2-0: Called Strike
2-1: Called Strike
2-2: Foul Ball, location: 2F
2-2: Foul Ball, location: 2F
2-2: Ball
3-2: Foul Ball, location: 2F
3-2: SINGLE (Line Drive, 34D, EV 96.9 MPH)
Juan Rosa scores
Javier Trujillo to third
Randy Grewe to second
Javier Trujillo scores
Randy Grewe to third
Batting: RHB Andres Mendiola 0-0: Called Strike
0-1: Fly out, F9 (Line Drive, 9, EV 87.5 MPH)
Bottom of the 2nd over - 3 runs, 4 hits, 0 errors, 2 left on base; Fresno 0 - Salt Lake 4
TOP OF THE 3RD
Fresno Grizzlies batting - Pitching for Salt Lake Bees : LHP Nigel Turner
Batting: RHB Raul Sanchez 0-0: Fly out, F7 (Flyball, 7LM, EV 91.9 MPH)
Batting: LHB Daniel Lopez 0-0: Ball
1-0: Ball
2-0: Ball
3-0: Foul Ball, location: 2F
3-1: Foul Ball, location: 2F
3-2: SINGLE (Groundball, 34D, EV 86.9 MPH) (infield hit)
Batting: LHB Vinny Siebecker 0-0: Ball
1-0: Called Strike
1-1: Foul Ball, location: 2F
1-2: Ball
2-2: Strikes out swinging
Batting: RHB Paul Shell 0-0: Ball
1-0: Swinging Strike
1-1: Ball
2-1: Swinging Strike
2-2: Ball
3-2: Strikes out swinging
Top of the 3rd over - 0 runs, 1 hit, 0 errors, 1 left on base; Fresno 0 - Salt Lake 4
BOTTOM OF THE 3RD
Salt Lake Bees batting - Pitching for Fresno Grizzlies : RHP Gerardo Huerta
Batting: RHB Melvin Gomez 0-0: Ground out 4-3 (Groundball, 4, EV 89.4 MPH)
Batting: LHB Vinny Carreno 0-0: Called Strike
0-1: SINGLE (Line Drive, 56D, EV 99.4 MPH)
Batting: RHB Guillermo Mojica 0-0: Ball
1-0: Ball
2-0: Called Strike
2-1: Foul Ball, location: 2F
2-2: Ball
3-2: SINGLE (Flyball, 56D, EV 91.9 MPH)
Vinny Carreno to second
Batting: LHB Barrfhionn O'Toole 0-0: Called Strike
0-1: Ball
1-1: Fly out, F9 (Line Drive, 9, EV 97.5 MPH)
Batting: RHB Juan Rosa 0-0: Ball
1-0: DOUBLE (Line Drive, 9LM, EV 101.9 MPH)
Vinny Carreno scores
Guillermo Mojica to third
Batting: LHB Javier Trujillo 0-0: Ball
1-0: Ball
2-0: Called Strike
2-1: Ball
3-1: SINGLE (Groundball, 4MD, EV 103.8 MPH)
Guillermo Mojica scores
Juan Rosa to third
Pitching: RHP Alex Alicea
Batting: RHB Randy Grewe 0-0: Ball
1-0: Called Strike
1-1: Swinging Strike
1-2: Foul Ball, location: 2F
1-2: Foul Ball, location: 2F
1-2: Foul Ball, location: 2F
1-2: Foul Ball, location: 2F
1-2: Fly out, F6 (Popup, 6D, EV 65.0 MPH)
Bottom of the 3rd over - 2 runs, 4 hits, 0 errors, 2 left on base; Fresno 0 - Salt Lake 6
TOP OF THE 4TH
Fresno Grizzlies batting - Pitching for Salt Lake Bees : LHP Nigel Turner
Batting: LHB Chris Cabrera 0-0: Called Strike
0-1: Foul Ball, location: 2F
0-2: Ball
1-2: Foul Ball, location: 2F
1-2: Ball
2-2: Foul Ball, location: 2F
2-2: SINGLE (Groundball, 2L, EV 70.0 MPH) (infield hit)
Batting: SHB Nate Kopchak 0-0: Called Strike
0-1: Foul Ball, location: 2F
0-2: Ball
1-2: Fly out, F7 (Line Drive, 7D, EV 95.0 MPH)
Batting: LHB Mike Davis 0-0: SINGLE (Groundball, 4MD, EV 103.8 MPH)
Chris Cabrera to second
Batting: SHB Troy Kenyon 0-0: Foul Ball, location: 2F
0-1: Swinging Strike
0-2: Strikes out swinging
Batting: LHB Doug Anderson 0-0: Ball
1-0: Swinging Strike
1-1: Ball
2-1: Ground out 6-3 (Groundball, 6M, EV 85.0 MPH)
Top of the 4th over - 0 runs, 2 hits, 0 errors, 2 left on base; Fresno 0 - Salt Lake 6
BOTTOM OF THE 4TH
Salt Lake Bees batting - Pitching for Fresno Grizzlies : RHP Alex Alicea
Batting: RHB Bjoern Waltersson 0-0: Called Strike
0-1: Ground out 6-3 (Groundball, 6, EV 88.1 MPH)
Batting: RHB Andres Mendiola 0-0: Ball
1-0: Foul Ball, location: 2F
1-1: Ball
2-1: DOUBLE (Line Drive, 89M, EV 102.5 MPH)
Batting: RHB Melvin Gomez 0-0: Called Strike
0-1: Ball
1-1: Foul Ball, location: 2F
1-2: Strikes out looking
Batting: LHB Vinny Carreno 0-0: Called Strike
0-1: Ball
1-1: Foul Ball, location: 2F
1-2: Fly out, F5 (Popup, 5SF, EV 79.4 MPH)
Bottom of the 4th over - 0 runs, 1 hit, 0 errors, 1 left on base; Fresno 0 - Salt Lake 6
TOP OF THE 5TH
Fresno Grizzlies batting - Pitching for Salt Lake Bees : LHP Nigel Turner
Pitching: RHP Alberto Pickett
Batting: RHB Raul Sanchez 0-0: Called Strike
0-1: Swinging Strike
0-2: Ball
1-2: Ball
2-2: Ball
3-2: Foul Ball, location: 2F
3-2: Strikes out looking
Batting: LHB Daniel Lopez 0-0: Called Strike
0-1: Ball
1-1: Swinging Strike
1-2: Ball
2-2: Foul Ball, location: 2F
2-2: Ball
3-2: Foul Ball, location: 2F
3-2: Foul Ball, location: 2F
3-2: Base on Balls
Batting: LHB Vinny Siebecker 0-0: Ball
1-0: Called Strike
1-1: Called Strike
1-2: Strikes out swinging
Batting: RHB Paul Shell 0-0: Ball
1-0: Fielders Choice at 2nd, 6-4 (Groundball, 6, EV 101.9 MPH)
Top of the 5th over - 0 runs, 0 hits, 0 errors, 1 left on base; Fresno 0 - Salt Lake 6
BOTTOM OF THE 5TH
Salt Lake Bees batting - Pitching for Fresno Grizzlies : RHP Alex Alicea
Batting: RHB Guillermo Mojica 0-0: Called Strike
0-1: Ground out 6-3 (Groundball, 6, EV 105.0 MPH)
Batting: LHB Barrfhionn O'Toole 0-0: Called Strike
0-1: Ball
1-1: Called Strike
1-2: Fly out, F7 (Line Drive, 7, EV 86.9 MPH)
Batting: RHB Juan Rosa 0-0: Ball
1-0: Ground out 4-3 (Groundball, 4, EV 76.9 MPH)
Bottom of the 5th over - 0 runs, 0 hits, 0 errors, 0 left on base; Fresno 0 - Salt Lake 6
TOP OF THE 6TH
Fresno Grizzlies batting - Pitching for Salt Lake Bees : RHP Alberto Pickett
Batting: LHB Chris Cabrera 0-0: Foul Ball, location: 2F
0-1: Fly out, F7 (Line Drive, 7, EV 106.9 MPH)
Batting: SHB Nate Kopchak 0-0: Ball
1-0: Fly out, F8 (Flyball, 78M, EV 94.4 MPH)
Batting: LHB Mike Davis 0-0: Called Strike
0-1: Swinging Strike
0-2: Strikes out swinging
Top of the 6th over - 0 runs, 0 hits, 0 errors, 0 left on base; Fresno 0 - Salt Lake 6
BOTTOM OF THE 6TH
Salt Lake Bees batting - Pitching for Fresno Grizzlies : RHP Alex Alicea
Batting: LHB Javier Trujillo 0-0: Ball
1-0: Ball
2-0: Ball
3-0: Base on Balls
Batting: RHB Randy Grewe 0-0: Ball
Javier Trujillo steals 2nd base
1-0: Called Strike
1-1: Swinging Strike
1-2: Fly out, F8 (Line Drive, 8LM, EV 87.5 MPH)
Pitching: RHP Ray Leuthauser
Batting: RHB Bjoern Waltersson 0-0: Foul Ball, location: 2F
0-1: Called Strike
Javier Trujillo steals 3rd base
0-2: Ball
1-2: Fly out, F7 (Flyball, 78M, EV 93.8 MPH)
Runner from 3rd tags up, SCORES, throw by LF
Batting: RHB Andres Mendiola 0-0: Foul Ball, location: 2F
0-1: Called Strike
0-2: Ball
1-2: Ball
2-2: Ball
3-2: Fly out, F9 (Flyball, 9D, EV 85.0 MPH)
Bottom of the 6th over - 1 run, 0 hits, 0 errors, 0 left on base; Fresno 0 - Salt Lake 7
TOP OF THE 7TH
Fresno Grizzlies batting - Pitching for Salt Lake Bees : RHP Alberto Pickett
Batting: SHB Troy Kenyon 0-0: Ball
1-0: Ball
2-0: Ball
3-0: Base on Balls
Batting: LHB Doug Anderson 0-0: Called Strike
0-1: Ball
1-1: Called Strike
1-2: Foul Ball, location: 2F
1-2: Strikes out swinging
Batting: RHB Raul Sanchez 0-0: Foul Ball, location: 2F
0-1: Called Strike
0-2: Ball
1-2: Ball
2-2: Foul Ball, location: 2F
2-2: DOUBLE (Line Drive, 7LS, EV 93.8 MPH)
Troy Kenyon to third
Runner from 3rd tries for Home, SAFE, no throw by LF
Pitching: RHP Bartholomeu Voivodic
Batting: LHB Daniel Lopez 0-0: Foul Ball, location: 2F
0-1: Ground out 4-3 (Groundball, 4M, EV 105.0 MPH)
Raul Sanchez to third
Batting: LHB Vinny Siebecker 0-0: Ball
1-0: Ball
2-0: SINGLE (Flyball, 4D, EV 85.0 MPH)
Raul Sanchez scores
Batting: RHB Paul Shell 0-0: Ball
1-0: Called Strike
1-1: Ball
2-1: Ball
3-1: Foul Ball, location: 2F
3-2: Strikes out swinging
Top of the 7th over - 2 runs, 2 hits, 0 errors, 1 left on base; Fresno 2 - Salt Lake 7
BOTTOM OF THE 7TH
Salt Lake Bees batting - Pitching for Fresno Grizzlies : RHP Ray Leuthauser
Batting: RHB Melvin Gomez 0-0: Called Strike
0-1: Ball
1-1: Ball
2-1: Ball
3-1: Base on Balls
Batting: LHB Vinny Carreno 0-0: Called Strike
0-1: Ball
1-1: Foul Ball, location: 2F
1-2: Foul Ball, location: 2F
1-2: Ball
2-2: Fly out, F8 (Flyball, 8RXD, EV 92.5 MPH)
Batting: RHB Guillermo Mojica 0-0: Ball
1-0: Foul Ball, location: 2F
1-1: Foul Ball, location: 2F
1-2: Grounds into double play, 4-6-3 (Groundball, 4M, EV 97.5 MPH)
Bottom of the 7th over - 0 runs, 0 hits, 0 errors, 0 left on base; Fresno 2 - Salt Lake 7
TOP OF THE 8TH
Fresno Grizzlies batting - Pitching for Salt Lake Bees : RHP Bartholomeu Voivodic
Batting: LHB Chris Cabrera 0-0: Ball
1-0: Foul Ball, location: 2F
1-1: Foul Ball, location: 2F
1-2: Ball
2-2: Ball
3-2: Ground out U3 (Groundball, 13, EV 83.8 MPH)
Batting: SHB Nate Kopchak 0-0: Called Strike
0-1: Ball
1-1: Foul Ball, location: 2F
1-2: Strikes out swinging
Batting: LHB Mike Davis 0-0: Ground out 4-3 (Groundball, 4, EV 102.5 MPH)
Top of the 8th over - 0 runs, 0 hits, 0 errors, 0 left on base; Fresno 2 - Salt Lake 7
BOTTOM OF THE 8TH
Salt Lake Bees batting - Pitching for Fresno Grizzlies : RHP Ray Leuthauser
Batting: LHB Barrfhionn O'Toole 0-0: Foul Ball, location: 2F
0-1: Called Strike
0-2: Ball
1-2: Strikes out looking
Batting: RHB Juan Rosa 0-0: Called Strike
0-1: Called Strike
0-2: Foul Ball, location: 2F
0-2: Foul Ball, location: 2F
0-2: Ball
1-2: Strikes out swinging
Pitching: RHP Alexander Hagan
Batting: LHB Javier Trujillo 0-0: Ball
1-0: Ball
2-0: Ball
3-0: Foul Ball, location: 2F
3-1: SINGLE (Line Drive, 4MD, EV 97.5 MPH)
Batting: RHB Randy Grewe 0-0: Ball
Javier Trujillo is caught stealing 2nd base 2-4
Bottom of the 8th over - 0 runs, 1 hit, 0 errors, 0 left on base; Fresno 2 - Salt Lake 7
TOP OF THE 9TH
Fresno Grizzlies batting - Pitching for Salt Lake Bees : RHP Bartholomeu Voivodic
Batting: SHB Troy Kenyon 0-0: Foul Ball, location: 2F
0-1: Ball
1-1: Ball
2-1: Fly out, F7 (Flyball, 78D, EV 87.5 MPH)
Batting: LHB Doug Anderson 0-0: Called Strike
0-1: Called Strike
0-2: Foul Ball, location: 2F
0-2: Strikes out swinging
Batting: RHB Raul Sanchez 0-0: Ball
1-0: Ground out 5-3 (Groundball, 56S, EV 83.1 MPH)
Top of the 9th over - 0 runs, 0 hits, 0 errors, 0 left on base; Fresno 2 - Salt Lake 7
Wednesday, June 22nd , 2022 - OOTP Baseball 23.4 Build 64